 Dungeon Crawl Stone Soup version 0.20-a0-830-g2c9a30d (console) character file.

53 nht the Ruffian (level 3, -2/28 HPs)
             Began as a Draconian Transmuter on Mar 6, 2017.
             Slain by a worker ant (3 damage)
             ... on level 3 of the Dungeon.
             The game lasted 00:02:17 (1788 turns).

nht the Ruffian (Draconian Transmuter)              Turns: 1788, Time: 00:02:19

Health: -2/28      AC:  6    Str: 12    XL:     3   Next: 62%
Magic:  5/6        EV: 12    Int: 14    God:
Gold:   102        SH:  0    Dex: 11    Spells: 2/6 levels left

rFire    . . .     SeeInvis .     - Unarmed
rCold    . . .     Gourm    .   (armour unavailable)
rNeg     . . .     Faith    .   (no shield)
rPois    .         Spirit   .   (helmet restricted)
rElec    .         Reflect  .   (no cloak)
rCorr    .         Harm     .   (no gloves)
MR       .....                  p - +0 pair of boots
Stlth    +.........             (no amulet)
Regen    0.1/turn               (no ring)
MPRegen  0.1/turn               (no ring)

@: lethally poisoned (-2 -> -8), appendage
A: unfitting armour, horns 2, cold-blooded, AC +5
a: End Transformation


You were on level 3 of the Dungeon.
You were not hungry.
You had grown temporary horns.
You visited 1 branch of the dungeon, and saw 3 of its levels.

You collected 102 gold pieces.

Inventory:

Missiles
 a - 12 arrows
Armour
 p - a +0 pair of boots (worn)
Jewellery
 g - an uncursed amulet of rage {unknown}
Scrolls
 e - 4 scrolls of identify {unknown}
 f - a scroll of enchant weapon {unknown}
 h - a scroll of fog {unknown}
 j - a scroll of fear {unknown}
 n - 2 scrolls of enchant armour {unknown}
Potions
 i - a potion of heal wounds {unknown}
 k - a potion of agility {unknown}
 m - a potion of curing {unknown}
 q - 2 potions of brilliance {unknown}
 r - a potion of lignification {unknown}
Books
 b - a book of Changes

   Spells                             Type                      Level
   a - Beastly Appendage              Transmutation                1
   b - Sticks to Snakes               Transmutation                2
   c - Spider Form                    Transmutation/Poison         3
   d - Ice Form                       Ice/Transmutation            4
   e - Blade Hands                    Transmutation                5
Comestibles
 c - 2 bread rations
 d - a royal jelly
 l - 10 chunks of flesh
 o - a meat ration


   Skills:
 - Level 1.1 Fighting
 - Level 1.7 Dodging
 * Level 4.3 Unarmed Combat
 - Level 2.0 Spellcasting
 + Level 2.5 Transmutations


You had 2 spell levels left.
You knew the following spells:

 Your Spells              Type           Power        Failure   Level  Hunger
a - Beastly Appendage     Tmut           #.....       10%         1    ##.....
b - Spider Form           Tmut/Pois      #.........   47%         3    ####...


Dungeon Overview and Level Annotations

Branches:
Dungeon (3/15)

Altars:
Dithmenos
Xom


Innate Abilities, Weirdness & Mutations

Your plain brown scales are hard. (AC +5)
You cannot fit into any form of body armour.
You are cold-blooded and may be slowed by cold attacks.
You have a pair of horns on your head.


Message History

Casting: Beastly Appendage
Confirm with . or Enter, or press ? or * to list all spells.
You grow a pair of large bovine horns.
You feel sick. The worker ant barely misses you. The bat barely misses you.
Unknown command.
You hit the worker ant.
The worker ant is almost dead.
You feel sick. The bat hits you but does no damage. The worker ant bites you.
You barely miss the worker ant.
The worker ant is almost dead.
The bat closely misses you. The worker ant bites you.
* * * LOW HITPOINT WARNING * * *
The bat hits you but does no damage.
You closely miss the worker ant.
The worker ant is almost dead.
* * * LOW HITPOINT WARNING * * *
You feel sick. The bat barely misses you. The worker ant bites you.
* * * LOW HITPOINT WARNING * * *
The worker ant bites you.
You die...

█.....██ +....... .
█......█ .█
█......█ ████.█
█......█ █... █
█......████.███ .█
█
█.....██.....██.█.█
+....@...._.......█
█...ba█...8.....███
█.....█..._..███.█
█.............<..█
█............█...█
........███████████
█........█
.........█


You could see a worker ant and a bat.

Vanquished Creatures
  A dart slug (D:1)
  3 bats
  A giant cockroach (D:2)
  10 goblins
  9 hobgoblins
  4 jackals (D:1)
  2 quokkas (D:2)
  A ball python (D:1)
  A frilled lizard (D:1)
  6 kobolds (D:2)
  6 rats
44 creatures vanquished.

Notes
Turn   | Place    | Note
-------+----------+-------------------------------------------
     0 | D:1      | nht the Draconian Transmuter began the quest for the Orb.
     0 | D:1      | Reached XP level 1. HP: 16/16 MP: 3/3
   104 | D:1      | Reached XP level 2. HP: 15/23 MP: 5/5
   135 | D:1      | HP: 1/23 [hobgoblin (4)]
   975 | D:2      | Reached skill level 4 in Unarmed Combat
   990 | D:2      | Reached XP level 3. HP: 24/28 MP: 4/6
   995 | D:2      | Learned a level 3 spell: Spider Form
  1771 | D:3      | Found a shadowy altar of Dithmenos.
  1771 | D:3      | Found a shimmering altar of Xom.
  1788 | D:3      | HP: 1/28 [worker ant (5)]
  1788 | D:3      | Slain by a worker ant

Vault maps used:
D:1:      roderic_chinese_lattice_arrival
D:2:      cheibrodos_greedy_goblins, first_bread
D:3:      chequers_temple_overflow_statue_of_worship, guppyfry_early_lair_pool,
          uniq_grinder

Skill      XL: |  1  2 |
---------------+-------+-----
Unarmed Combat | 4 |  4.3
Fighting       | |  1.1
Dodging        | |  1.7
Spellcasting   | |  2.0
Transmutations | |  2.5

Action                   || total
-------------------------++-------
Melee: Unarmed           ||   161
       Tailslap          ||     6
       Headbutt          ||     5
       Punch             ||     2
       Kick              ||     1
 Cast: Beastly Appendage ||    12
  Eat: Chunk             ||     3
Armor: Skin              ||    59
Dodge: Dodged            ||   111
